 Dungeon Crawl Stone Soup version 0.21.1-1-g345015fe64 (webtiles) character file.

28542 Peloso the Fencer (level 13, -10/116 HPs)
             Began as a Minotaur Fighter on Feb 9, 2018.
             Was a High Priest of Okawaru.
             Killed from afar by a Hell Sentinel (38 damage)
             ... with damnation
             ... on level 2 of the Abyss.
             The game lasted 00:44:33 (15213 turns).

Peloso the Fencer (Minotaur Fighter)               Turns: 15213, Time: 00:44:34

Health: -10/116    AC: 23    Str: 19      XL:     13   Next: 10%
Magic:  12/12      EV:  8    Int: 10 (12) God:    Okawaru [*****.]
Gold:   1305       SH: 18    Dex: 16 (17) Spells: 12/12 levels left

rFire    . . .     SeeInvis .   a - +0 scimitar (flame)
rCold    . . .     Gourm    .   c - +0 shield
rNeg     . . .     Faith    .   b - +1 plate armour
rPois    .         Spirit   .   u - +2 hat {MR+}
rElec    .         Reflect  +   r - +1 cloak
rCorr    .         Harm     .   A - +0 pair of gloves
MR       +++..                  p - +0 pair of boots
Stlth    ..........             W - amulet of Aryut {Reflect Int+7 Dex+4 SH+4}
HPRegen  0.29/turn              U - ring of protection from magic
MPRegen  0.13/turn              O - ring of protection from magic

@: about to teleport
A: retaliatory headbutt, horns 2, [deterioration 2], [low mp 1], [weak 2]
a: Heroism, Finesse, Renounce Religion


You were on level 2 of the Abyss.
You worshipped Okawaru.
Okawaru was extremely pleased with you.
You were not hungry.

You visited 3 branches of the dungeon, and saw 14 of its levels.
You visited the Abyss 1 time.
You also visited: Sewer, Ossuary and Ice Cave.

You collected 1305 gold pieces.

Inventory:

Hand Weapons
 a - a +0 scimitar of flaming (weapon)
 v - a +4 scimitar
Armour
 b - a +1 plate armour (worn)
 c - a +0 shield (worn)
 p - a +0 pair of boots (worn)
 r - a +1 cloak (worn)
 u - a +2 hat of magic resistance (worn)
 A - a +0 pair of gloves (worn)
Jewellery
 q - an uncursed ring of flight
 x - an uncursed ring of poison resistance
 I - a cursed -3 ring of intelligence
 M - a +3 ring of intelligence
 O - a ring of protection from magic (right hand)
 R - an uncursed ring of resist corrosion
 U - a ring of protection from magic (left hand)
 W - the amulet of Aryut (around neck) {Reflect Int+7 Dex+4 SH+4}
   (You found it in an ice cave)

   [amulet of reflection]

   It shields you and reflects attacks.
   It affects your intelligence (+7).
   It affects your dexterity (+4).
   It affects your SH (+4).
 Z - an uncursed ring of protection from fire
Wands
 N - a wand of iceblast (8)
 S - a wand of polymorph (13)
Scrolls
 e - 4 scrolls of enchant armour
 g - 4 scrolls of magic mapping
 i - 2 scrolls of amnesia
 k - a scroll of silence {unknown}
 l - a scroll of identify
 o - 3 scrolls of teleportation
 s - a scroll of acquirement {unknown}
 w - 3 scrolls of enchant weapon
 y - a scroll of remove curse
 D - 3 scrolls of fog {unknown}
 K - a scroll of fear {unknown}
 L - 3 scrolls of blinking {unknown}
Potions
 d - 4 potions of might
 h - 3 potions of berserk rage
 j - 3 potions of agility
 m - 5 potions of haste
 n - 11 potions of curing
 t - a potion of mutation
 z - 6 potions of brilliance
 B - a potion of ambrosia {unknown}
 C - 2 potions of cancellation {unknown}
 E - 4 potions of heal wounds {unknown}
 J - 3 potions of flight
 P - 2 potions of lignification {unknown}
 T - a potion of invisibility {unknown}
Books
 F - a book of Debilitation

   Spells                             Type                      Level
   a - Corona                         Hexes                        1
   b - Slow                           Hexes                        2
   c - Inner Flame                    Hexes/Fire                   3
   d - Portal Projectile              Hexes/Translocation          3
   e - Cause Fear                     Hexes                        4
   f - Leda's Liquefaction            Hexes/Earth                  4
 H - a book of Misfortune

   Spells                             Type                      Level
   a - Confusing Touch                Hexes                        1
   b - Confuse                        Hexes                        3
   c - Gell's Gravitas                Translocation                3
   d - Petrify                        Transmutation/Earth          4
   e - Metabolic Englaciation         Hexes/Ice                    5
   f - Yara's Violent Unravelling     Hexes/Transmutation          5
Miscellaneous
 G - a lamp of fire
Comestibles
 f - 33 rations


   Skills:
 + Level 11.6 Fighting
 + Level 15.0 Long Blades
 + Level 10.7 Armour
 + Level 4.0 Dodging
 + Level 1.5 Stealth
 + Level 14.3 Shields
 + Level 1.1 Invocations
 + Level 2.0 Evocations


You had 12 spell levels left.
You didn't know any spells.

Dungeon Overview and Level Annotations

Branches:
Dungeon (10/15)            Temple (1/1) D:7            Lair (3/6) D:8
    Orc (0/2) D:10
  Swamp: Lair:2-4    Shoals: Lair:2-4     Snake: Lair:2-4    Spider: Lair:2-4

Altars:
Ashenzari
Cheibriados
Dithmenos
Elyvilon
Fedhas
Gozag
Hepliaklqana
Kikubaaqudgha
Makhleb
Nemelex Xobeh
Okawaru
Qazlal
Ru
Sif Muna
Trog
Uskayaw
Vehumet
Wu Jian
Xom
Yredelemnul
Zin
The Shining One

Shops:
D:4 }

Annotations:
Lair:3 Sonja


Innate Abilities, Weirdness & Mutations

You reflexively headbutt those who attack you in melee.
You have a pair of horns on your head.
[Your body often deteriorates upon taking damage.]
[Your magical capacity is low. (-10% MP)]
[You are very weak. (Str -4)]


Message History

A hellion comes into view.
The hellion gives a hideous shriek!
The hellion gestures at you.
The sphere of damnation explodes!
The damnation engulfs you!
Your body deteriorates!
You feel clumsy.
As you read the scroll of teleportation, it crumbles to dust.
You feel strangely unstable.
You feel the power of the Abyss delaying your translocation!
The hellion gestures at you.
The sphere of damnation explodes!
The damnation engulfs you!
Your body deteriorates!
You feel dopey.
Found an encrusted ivory wand.
The hellion gestures at you.
The sphere of damnation explodes!
The damnation engulfs you!
* * * LOW HITPOINT WARNING * * *
A Hell Sentinel comes into view.
The Hell Sentinel roars!
The Hell Sentinel gestures at you.
The sphere of damnation explodes!
The damnation engulfs you!
You die...

#..#..### . ##.
###..##.###...# #
#..#...§.. ## .
##...#......###
#..#.2.#≈ 2..##.#
.. ##.###≈≈.##.#.
..##...## X≈.##..
..#.....#≈≈≈..#..
........@.≈≈≈....#
....#.....#≈≈≈..# .
...###...###≈≈≈###.
≈≈≈ ≈≈≈≈≈≈ ...≈.
≈≈≈≈≈≈≈≈≈≈ ..≈1#.
≈..#≈≈≈≈≈ ≈♣
.#...≈≈≈≈ ≈ ...≈≈≈


You could see a Hell Sentinel, a large abomination and a hellion.

Vanquished Creatures
  Gastronok (Lair:2)
  The ghost of Dommiel19 the Grappler, a journeyman TrMo of Makhleb (Lair:2)
  2 ice dragons (IceCv)
  2 hydras
  Erica (D:9)
  2 two-headed ogres
  Urug (Lair:2)
  2 unseen horrors
  A wretched star (Abyss:2)
  The ghost of nano the Thaumaturge, a novice DENe (D:8)
  Pikel (D:7)
  An oklob plant (Lair:2)
  3 elephants (Lair:2)
  The ghost of Faustar the Grappler, a novice TrMo (D:6)
  A black mamba (Lair:2)
  Joseph (D:7)
  2 spiny frogs (Lair:1)
  2 ice statues (IceCv)
  Psyche (D:8)
  4 rime drakes
  5 komodo dragons
  An ancient zyme (Abyss:2)
  A queen bee (D:9)
  A hornet (D:10)
  3 hippogriffs
  3 wyverns
  The ghost of Peloso the Covered, an amateur MiFi (D:4)
  12 yaks
  A wraith (D:10)
  2 basilisks
  A steam dragon (D:8)
  Edmund (D:4)
  The ghost of Chimo the Caller, an amateur TeSu (D:3)
  A water moccasin (D:8)
  3 porcupines
  Duvessa (D:4)
  An orc warrior (D:10)
  17 ice beasts
  A sky beast (D:10)
  A slave (D:7)
  A black bear (D:7)
  3 ogres
  4 phantoms
  11 crocodiles
  A centaur (D:6)
  Blork the orc (D:3)
  An elf zombie (Ossuary)
  10 bullfrogs
  A wyvern skeleton (D:10)
  A wyvern zombie (D:8)
  Dowan (D:4)
  6 scorpions
  20 killer bees
  3 wights (D:7)
  A bullfrog zombie (D:8)
  2 crimson imps
  3 centaur zombies
  2 howler monkeys
  4 orc priests
  3 jellies
  A bullfrog skeleton (D:9)
  A quasit (D:6)
  4 hounds
  13 orc wizards
  3 human zombies (Ossuary)
  4 iguanas
  12 worker ants
  2 big kobold zombies (Ossuary)
  4 hound skeletons
  A howler monkey zombie (D:7)
  2 mummies (Ossuary)
  Robin (D:4)
  A worker ant zombie (D:5)
  4 gnolls
  13 adders
  3 river rats (D:6)
  3 shadow imps
  5 oozes (Sewer)
  An adder skeleton (D:4)
  8 worms
  3 dart slugs (D:1)
  6 leopard geckos
  23 orcs
  3 ball pythons
  6 giant cockroaches
  6 hobgoblins
  15 jackals
  5 kobolds
  4 quokkas
  12 bats
  6 frilled lizards
  12 goblins
  3 goblin zombies (Ossuary)
  12 hobgoblin zombies (Ossuary)
  A jackal zombie (D:8)
  5 kobold zombies (Ossuary)
  A leopard gecko zombie (D:4)
  8 orc zombies (Ossuary)
  2 quokka zombies (D:7)
  6 rats
  A rat zombie (Ossuary)
  A bush (Lair:1)
  A plant (Lair:2)
396 creatures vanquished.

Vanquished Creatures (others)
  A bullfrog (D:9)
  A wight (D:7)
  2 fungi (D:4)
4 creatures vanquished.

Grand Total: 400 creatures vanquished

Notes
Turn   | Place    | Note
-------+----------+-------------------------------------------
     0 | D:1      | Peloso the Minotaur Fighter began the quest for the Orb.
     0 | D:1      | Reached XP level 1. HP: 19/19 MP: 0/0
    75 | D:1      | Reached XP level 2. HP: 19/27 MP: 1/1
   251 | D:1      | Reached XP level 3. HP: 33/33 MP: 2/2
   671 | D:2      | Reached skill level 3 in Long Blades
   710 | D:2      | Reached XP level 4. HP: 40/40 MP: 3/3
   739 | D:2      | Reached skill level 4 in Long Blades
  1370 | D:3      | Noticed Chimo's ghost (amateur TeSu)
  1376 | D:3      | Killed Chimo's ghost
  1376 | D:3      | Reached skill level 1 in Dodging
  1376 | D:3      | Reached XP level 5. HP: 36/47 MP: 4/4
  1398 | D:3      | Found a faded altar of an unknown god.
  1477 | D:3      | Reached skill level 5 in Long Blades
  1507 | D:3      | Reached XP level 6. HP: 50/53 MP: 5/5
  1730 | D:3      | Noticed Blork the orc
  1755 | D:3      | Killed Blork the orc
  1755 | D:3      | Reached skill level 5 in Armour
  1755 | D:3      | Reached skill level 5 in Shields
  1767 | D:3      | Found a deep blue altar of Sif Muna.
  1840 | D:4      | Noticed Robin
  1848 | D:4      | Killed Robin
  1943 | D:4      | Found a white marble altar of Elyvilon.
  1945 | D:4      | Noticed Duvessa
  1961 | D:4      | Killed Duvessa
  1961 | D:4      | Reached skill level 6 in Long Blades
  1961 | D:4      | Reached XP level 7. HP: 55/60 MP: 6/6
  2003 | D:4      | Reached skill level 5 in Fighting
  2206 | D:4      | Noticed Dowan
  2216 | D:4      | Killed Dowan
  2335 | D:4      | Found Nes Yckyi's Gadget Shoppe.
  2355 | D:4      | Noticed Edmund
  2367 | D:4      | Killed Edmund
  2506 | D:4      | Reached skill level 7 in Long Blades
  2607 | D:4      | You fall through a shaft!
  2607 | D:5      | Entered Level 5 of the Dungeon
  2721 | D:5      | Reached XP level 8. HP: 70/70 MP: 7/7
  2815 | D:5      | Found a shadowy altar of Dithmenos.
  3016 | D:4      | Reached skill level 8 in Long Blades
  3066 | D:4      | Noticed Peloso's ghost (amateur MiFi)
  3081 | D:4      | Killed Peloso's ghost
  3109 | D:4      | Found an ornate altar of the Wu Jian Council.
  3145 | D:4      | Got a shimmering whip
  3146 | D:4      | Lost intelligence.
  3146 | D:4      | Identified the +4 whip "Xuschaeki" {protect, +Inv rF- Int-5 Dex+10} (You found it on level 4 of the Dungeon)
  3151 | D:4      | Found a blossoming altar of Fedhas.
  3489 | D:5      | Found a sparkling altar of Nemelex Xobeh.
  3587 | D:5      | Reached skill level 9 in Long Blades
  4018 | D:6      | Found a glowing drain.
  4026 | Sewer    | Entered a sewer
  4381 | Sewer    | Got a steaming hat
  4392 | Sewer    | Identified the cursed -3 hat of a labyrinth {Str+5 Dex-2} (You found it in a sewer)
  4963 | D:6      | Reached XP level 9. HP: 75/75 MP: 8/8
  5021 | D:6      | Reached skill level 1 in Evocations
  5092 | D:6      | Noticed Faustar's ghost (novice TrMo)
  5107 | D:6      | Killed Faustar's ghost
  5507 | D:6      | Reached skill level 1 in Stealth
  5747 | D:7      | Found a sand-covered staircase.
  5777 | Ossuary  | Entered an ossuary
  5924 | Ossuary  | Reached skill level 10 in Long Blades
  6255 | D:7      | Found a staircase to the Ecumenical Temple.
  6256 | D:7      | Noticed Joseph
  6283 | D:7      | Killed Joseph
  6320 | D:7      | Found a burning altar of Makhleb.
  6418 | D:7      | Noticed Pikel
  6432 | D:7      | Killed Pikel
  6432 | D:7      | Reached skill level 11 in Long Blades
  6432 | D:7      | Reached XP level 10. HP: 74/88 MP: 10/10
  6667 | D:7      | Found a shattered altar of Ashenzari.
  6905 | D:7      | Found a hazy altar of Hepliaklqana.
  7501 | Temple   | Entered the Ecumenical Temple
  7565 | Temple   | Became a worshipper of Warmaster Okawaru
  7760 | D:8      | Found a glowing silver altar of Zin.
  7780 | D:8      | Noticed a two-headed ogre
  7789 | D:8      | Killed a two-headed ogre
  7789 | D:8      | Reached * piety under Okawaru
  7789 | D:8      | Reached skill level 12 in Long Blades
  7886 | D:8      | Noticed Psyche
  7910 | D:8      | Killed Psyche
  8032 | D:8      | Found a deep blue altar of Sif Muna.
  8167 | D:8      | Noticed nano's ghost (novice DENe)
  8178 | D:8      | Killed nano's ghost
  8178 | D:8      | Reached ** piety under Okawaru
  8178 | D:8      | Reached skill level 10 in Shields
  8246 | D:8      | Reached skill level 13 in Long Blades
  8658 | D:8      | Found a staircase to the Lair.
  8830 | D:9      | Reached XP level 11. HP: 59/97 MP: 11/11
  8888 | D:9      | Reached *** piety under Okawaru
  9167 | D:9      | Found an opulent altar of Gozag.
  9184 | D:9      | Found a stormy altar of Qazlal.
  9294 | D:9      | Noticed Erica
  9311 | D:9      | Killed Erica
  9737 | Lair:1   | Entered Level 1 of the Lair of Beasts
  9817 | Lair:1   | Found a frozen archway.
  9840 | IceCv    | Entered an ice cave
  9895 | IceCv    | Reached **** piety under Okawaru
 10066 | IceCv    | Noticed an ice dragon
 10067 | IceCv    | Noticed an ice dragon
 10081 | IceCv    | Killed an ice dragon
 10081 | IceCv    | Reached skill level 14 in Long Blades
 10203 | IceCv    | Got a scorched graven amulet
 10205 | IceCv    | Got a clouded glass ring
 10224 | IceCv    | Killed an ice dragon
 10224 | IceCv    | Reached ***** piety under Okawaru
 10372 | IceCv    | Identified the amulet of Aryut {Reflect Int+7 Dex+4 SH+4} (You found it in an ice cave)
 10374 | IceCv    | Identified the ring "Cabluh Ixzu" {MP+9 Int+4} (You found it in an ice cave)
 11347 | Lair:1   | Reached XP level 12. HP: 106/106 MP: 12/12
 11854 | Lair:1   | Reached skill level 10 in Fighting
 12001 | Lair:2   | Received a gift from Okawaru
 12217 | Lair:2   | Noticed Urug
 12218 | Lair:2   | Noticed a five-headed hydra
 12241 | Lair:1   | Killed a three-headed hydra
 12530 | Lair:2   | Killed Urug
 12821 | Lair:2   | Noticed Gastronok
 12839 | Lair:2   | Killed Gastronok
 12878 | Lair:2   | Noticed Dommiel19's ghost (journeyman TrMo)
 13357 | Lair:2   | Reached skill level 10 in Armour
 13474 | Lair:2   | Killed Dommiel19's ghost
 13498 | Lair:2   | Noticed a four-headed hydra
 13510 | Lair:2   | Killed a one-headed hydra
 13510 | Lair:2   | Reached skill level 1 in Invocations
 13933 | D:10     | Entered Level 10 of the Dungeon
 14048 | D:10     | Noticed a two-headed ogre
 14098 | D:10     | Killed a two-headed ogre
 14098 | D:10     | Received a gift from Okawaru
 14363 | D:10     | Reached skill level 15 in Long Blades
 14428 | D:10     | Found a staircase to the Orcish Mines.
 14725 | D:10     | Reached XP level 13. HP: 108/116 MP: 13/13
 15072 | Lair:3   | Noticed Sonja
 15076 | Lair:3   | Cast into level 2 of the Abyss (Sonja)
 15213 | Abyss:2  | Noticed a Hell Sentinel
 15213 | Abyss:2  | Killed from afar by a Hell Sentinel

Skill      XL: |  1  2  3  4  5  6  7  8  9 10 11 12 |
---------------+-------------------------------------+-----
Shields        | 4 5 6 8 9 10 12 14 | 14.3
Armour         | 4 5 6 8 9 10 | 10.7
Fighting       | 4 5 6 7 9 11 | 11.6
Long Blades    | 3 4 5 6 7 9 11 13 14 15 | 15.0
Dodging        | 1 2 3 4 |  4.0
Evocations     | 1 2 |  2.0
Stealth        | 1 |  1.5
Invocations    | 1 |  1.1

Action                   |  1- 3 |  4- 6 |  7- 9 | 10-12 | 13-15 || total
-------------------------+-------+-------+-------+-------+-------++-------
Melee: Long sword        |    70 |   113 |   469 |       |       ||   652
       Headbutt          |     9 |    26 |   112 |   203 |    11 ||   361
       Scimitar          |       |       |    12 |   745 |    30 ||   787
Invok: Heroism           |       |       |       |     8 |     2 ||    10
 Abil: Evoke Flight      |       |     1 |     4 |     1 |       ||     6
  Use: Scroll            |       |       |    15 |     5 |     2 ||    22
       Potion            |       |       |       |     1 |       ||     1
  Eat: Chunk             |       |     4 |     9 |    23 |     2 ||    38
       Ration            |       |       |     2 |     1 |       ||     3
Armor: Scale mail        |    33 |    16 |       |       |       ||    49
       Plate armour      |       |    41 |   149 |   220 |    24 ||   434
       Ice dragon scales |       |       |       |    20 |       ||    20
Dodge: Dodged            |    34 |    54 |   154 |   178 |     5 ||   425
Block: Shield            |    45 |    71 |   228 |   469 |    16 ||   829
       Reflection        |       |       |       |     3 |     2 ||     5
       Rpst.: Long sword |     8 |    11 |    34 |       |       ||    53
       Scimitar          |       |       |     1 |    43 |       ||    44
